 Dungeon Crawl Stone Soup version 0.27-a0-998-g4cfe56dd59 (webtiles) character file.

Game seed: 5622828620421281608

88 vurker the Magician (level 4, -15/33 HPs)
             Began as a Djinni Fire Elementalist on Apr 16, 2021.
             Killed by divine providence
             ... invoked by an orc priest
              (16 damage)
             ... on level 3 of the Dungeon.
             The game lasted 00:03:11 (4729 turns).

vurker the Magician (Djinni Fire Elementalist)      Turns: 4729, Time: 00:03:12

Health: -15/33     AC:  2    Str:  7    XL:     4   Next: 54%
Gold:   45         EV: 12    Int: 17    God:
                   SH:  0    Dex: 14

rFire    + . .     SeeInvis .   g - +0 dagger
rCold    . . .     Faith    .   (no shield)
rNeg     . . .     Spirit   .   a - +0 robe
rPois    ∞         Reflect  .   (no helmet)
rElec    .         Harm     .   (no cloak)
rCorr    .         Rampage  .   (no gloves)
Will     .....                  (boots unavailable)
Stlth    ++........             (no amulet)
HPRegen  0.11/turn              e - ring of ice
MPRegen  0.00/turn              (no ring)

@: flying
A: fire resistance 2, cold vulnerability 1, float, innate caster, hp casting,
extra vitality 1
a: no special abilities


You were on level 3 of the Dungeon.
You visited 1 branch of the dungeon, and saw 3 of its levels.

You collected 45 gold pieces.

Inventory:

Hand Weapons
 g - a +0 dagger (weapon)
   (You took it off a kobold on level 1 of the Dungeon)
Armour
 a - a +0 robe (worn)
Jewellery
 e - a ring of ice (left hand)
   (You found it on level 1 of the Dungeon)
Wands
 d - a wand of iceblast (8)
   (You found it on level 3 of the Dungeon)
Scrolls
 b - 4 scrolls of identify {unknown}
 c - a scroll of acquirement {unknown}
 i - a scroll of enchant weapon {unknown}
 o - a scroll of vulnerability {unknown}
Potions
 f - a potion of curing {unknown}
 h - a potion of flight {unknown}
 j - a potion of magic {unknown}
 k - a potion of berserk rage {unknown}
 l - a potion of mutation {unknown}
 m - a potion of lignification {unknown}
 n - a potion of haste {unknown}


   Skills:
 + Level 2.0 Fighting
 - Level 2.1 Dodging
 - Level 1.5 Stealth
 * Level 4.0 Spellcasting


You couldn't memorise any spells.
You knew the following spells:

 Your Spells              Type           Power      Damage    Failure   Level
a - Foxfire               Conj/Fire      68%        2x1d7     3%          1
b - Conjure Flame         Conj/Fire      17%        6-21      9%          3
c - Inner Flame           Hex/Fire       17%        N/A       9%          3
d - Sticky Flame          Conj/Fire      17%        2d4       30%         4
e - Fireball              Conj/Fire      8%         3d6       63%         5
f - Shock                 Conj/Air       68%        1d7       3%          1
Your spell library was empty.

Dungeon Overview and Level Annotations

Branches:
Dungeon (3/15)

Altars:


Innate Abilities, Weirdness & Mutations

You are immune to poison.
Your flesh is very heat resistant. (rF++)
You are vulnerable to cold. (rC-)
You float through the air rather than walking.
You learn spells naturally, not from books.
Your magical power is your life essence.
You have superior vitality. (+4 HP)


Message History

An endoplasm is nearby!
You conjure some foxfire!
You conjure some foxfire!
You conjure some foxfire!
The foxfire hits the endoplasm.
You conjure some foxfire!
The foxfire hits the endoplasm.
You kill the endoplasm!
Found a stone staircase leading up.
An orc comes into view. It is wielding a +0 whip.
An orc is nearby!
An orc is nearby!
You conjure some foxfire!
You conjure some foxfire!
You conjure some foxfire!
The foxfire hits the orc.
The foxfire hits the orc. x2
You kill the orc!
An orc comes into view. It is wielding a +0 short sword.
An orc is nearby!
You conjure some foxfire!
The orc shouts!
You hear a shout!
You conjure some foxfire!
There is not enough space to conjure foxfire!
The foxfire hits the orc.
An orc priest comes into view. It is wielding a +0 club.
The foxfire hits the orc.
You kill the orc!
Your Spellcasting skill increases to level 4!
You conjure some foxfire!
The foxfire hits the orc priest but does no damage.
You conjure some foxfire!
The orc priest invokes the aid of Beogh against you.
Beogh smites you!
* * * LOW HITPOINT WARNING * * *
You conjure some foxfire!
* * * LOW HITPOINT WARNING * * *
The foxfire hits the orc priest but does no damage.
The foxfire hits the orc priest.
You conjure some foxfire!
* * * LOW HITPOINT WARNING * * *
The foxfire hits the orc priest but does no damage.
The foxfire hits the orc priest. x2
An orc priest comes into view. It is wielding a +0 club.
The orc priest mumbles some strange prayers to Beogh against you.
Beogh smites you!
* * * LOW HITPOINT WARNING * * *
Unknown command.
You conjure some foxfire!
* * * LOW HITPOINT WARNING * * *
The orc priest mumbles some strange prayers to Beogh against you.
Beogh smites you!
You die...

......## ...#.# ..#...#
..#.# ..#...# ..#.#
.##..## ####.#§# ###..#
####....#.#
....####.......#.#
...###..........§######.#
.####..........#v§§.....#
## #..####.###.#@###§##.#
##..##...# #.#v§§o.)o.
#...#....# #.#.###.... #
#...#....# #.#<. #.
###.......)# ..#.#
##....###### ..#..
.#....# ..### .#....###
..........


You could see 2 orc priests.

Vanquished Creatures
  3 adders
  A worm (D:2)
  A dart slug (D:2)
  2 orcs (D:3)
  9 endoplasms
  4 giant cockroaches
  3 goblins
  A hobgoblin (D:2)
  3 quokkas
  6 ball pythons
  A ball python skeleton (D:3)
  4 bats (D:1)
  4 frilled lizards
  5 kobolds
  4 rats
51 creatures vanquished.

Vanquished Creatures (others)
  233 foxfires
233 creatures vanquished.

Grand Total: 284 creatures vanquished

Notes
Turn   | Place    | Note
-------+----------+-------------------------------------------
     0 | D:1      | vurker the Djinni Fire Elementalist began the quest for the
                  | Orb.
     0 | D:1      | Reached XP level 1. HP: 15/15 MP: 0/0
   253 | D:1      | Found a faded altar of an unknown god.
   909 | D:1      | Reached skill level 3 in Spellcasting
   909 | D:1      | Reached XP level 2. HP: 21/22 MP: 0/0
  1657 | D:1      | Reached skill level 1 in Fighting
  2576 | D:2      | Reached XP level 3. HP: 24/27 MP: 0/0
  2576 | D:2      | Learned a level 1 spell: Shock
  4266 | D:3      | Reached XP level 4. HP: 31/33 MP: 0/0
  4724 | D:3      | Reached skill level 4 in Spellcasting
  4729 | D:3      | Killed from afar by an orc priest

Illustrated notes

Levels and vault maps discovered:
D:1:      roderic_chinese_lattice_arrival, layout_loops_corners,
          hellmonk_ecumenical_altar_zigzags, serial_co_window_serial,
          co_window_paths_a, co_window_of_opportunity_a, co_window_corner_a,
          co_window_of_opportunity_a, co_window_corner_a,
          co_window_of_opportunity_a, co_window_corner_a,
          co_window_of_opportunity_a, co_window_paths_a,
          co_window_of_opportunity_b, co_window_broadway_b,
          co_window_of_opportunity_c, co_window_broadway_a,
          co_window_broadway_a, glass_columns_b, glass_columns_b,
          glass_columns_a, glass_columns_c, hangedman_abyss_or_decor_stabs,
          minmay_tripent
D:2:      layout_basic, minmay_misc_feat_chi
D:3:      minmay_recursive_quarters, layout_basic,
          gammafunk_temple_overflow_elements

Skill      XL: |  1  2  3  4 |
---------------+-------------+-----
Spellcasting   | 3 4 |  4.0
Fighting       | 1 2 |  2.0
Dodging        | |  2.1
Stealth        | |  1.5

Action                   |  1- 3 |  4- 6 || total
-------------------------+-------+-------++-------
Melee: Unarmed           |     2 |       ||     2
       Dagger            |    35 |     2 ||    37
 Cast: Foxfire           |   111 |    41 ||   152
Armor: Robe              |     7 |     2 ||     9
Dodge: Dodged            |    32 |     2 ||    34

Table legend: (Time is in decaauts)
 A = Elapsed time spent in this place.
 B = Non-inter-level travel time spent in this place.
 C = Inter-level travel time spent in this place.
 D = Time resting spent in this place.
 E = Time spent auto-exploring this place.
 F = Levels seen in this place.
 G = Mean time per level.
                   A        B        C        D        E       F      G
               +--------+--------+--------+--------+--------+-----+--------+
         Total |   4727 |   4684 |     43 |      0 |   4347 |   3 | 1575.7 |
       Dungeon |   4727 |   4684 |     43 |      0 |   4347 |   3 | 1575.7 |
               +--------+--------+--------+--------+--------+-----+--------+

Top non-repeatable levels by time:
     D:1: 2568 daAuts
     D:2: 1687 daAuts
     D:3: 471 daAuts
